 Dungeon Crawl Stone Soup version 0.29.1-1-gd02db6906a (webtiles) character file.

Game seed: 4737355376621465052

8973 LabCoat the Fighter (level 11, -7/156 HPs)
             Began as a Hill Orc Fighter on Oct 10, 2022.
             Was a Believer of Trog.
             Succumbed to their own poison gas
             ... on level 1 of the Lair of Beasts.
             The game lasted 00:28:35 (9025 turns).

LabCoat the Fighter (Hill Orc Fighter)              Turns: 9025, Time: 00:28:35

Health: -7/156     AC: 23    Str: 24    XL:     11   Next: 39%
Magic:  11/11      EV:  9    Int: 14    God:    Trog [**....]
Gold:   996        SH:  4    Dex: 10    Spells: 10/10 levels left

rFire   . . .      SeeInvis .   w - +1 war axe (venom)
rCold   . . .      Faith    .   c - +0 buckler
rNeg    . . .      Spirit   .   y - +0 plate armour
rPois   .          Reflect  .   f - +2 helmet
rElec   .          Harm     .   G - scarf {shadows}
rCorr   .          Rampage  .   (no gloves)
Will    ++...                   a - +1 pair of boots
Stlth   ..........              (no amulet)
HPRegen 1.36/turn               k - +6 ring of intelligence
MPRegen 0.12/turn               b - +4 ring of protection

@: berserking, lethally poisoned (-7 -> -79), strong-willed (expiring),
regenerating (expiring), very quick
A: no striking features
a: Renounce Religion, Berserk, Trog's Hand


You were on level 1 of the Lair of Beasts.
You worshipped Trog.
Trog was pleased with you.
You visited 3 branches of the dungeon, and saw 10 of its levels.
You also visited: Bailey.

You collected 996 gold pieces.

Inventory:

Hand Weapons
 w - a +1 war axe of venom (weapon)
 z - a +0 battleaxe
 E - a +5 flail of freezing
Missiles
 e - 2 throwing nets
 l - 20 boomerangs (quivered)
 m - 58 poisoned darts
 s - 4 silver javelins
Armour
 a - a +1 pair of boots (worn)
 c - a +0 buckler (worn)
 f - a +2 helmet (worn)
 n - a +0 cloak
 t - a +0 chain mail
 y - a +0 plate armour (worn)
 G - a scarf of shadows (worn)
Jewellery
 b - a +4 ring of protection (right hand)
 k - a +6 ring of intelligence (left hand)
Wands
 g - a wand of acid (6)
 p - a wand of charming (22)
 q - a wand of polymorph (23)
 r - a wand of flame (20)
 C - a wand of roots (3)
 H - a wand of mindburst (7)
Scrolls
 j - 2 scrolls of butterflies
 A - a scroll of brand weapon
 F - a scroll of acquirement {unknown}
 I - a scroll of teleportation
 L - a scroll of magic mapping
Potions
 d - 3 potions of curing
 h - a potion of brilliance
 i - a potion of resistance
 o - 2 potions of magic
 u - a potion of heal wounds
 v - a potion of haste {unknown}
 D - a potion of flight {unknown}
 K - a potion of cancellation {unknown}
Miscellaneous
 B - a tin of tremorstones (1/2)


   Skills:
 * Level 11.9 Fighting
 + Level 11.0 Axes
 + Level 4.1 Throwing
 + Level 8.0 Armour
 * Level 7.9 Dodging
 - Level 3.2 Shields
 + Level 4.4 Evocations


You had 10 spell levels left.
You didn't know any spells.
Your spell library contained the following spells:

 Spells                   Type           Power      Damage    Failure   Level
 Slow                     Hex            0%         N/A       99%         1
 Confusing Touch          Hex            0%         N/A       100%        3
 Vampiric Draining        Necr           0%         2d6       100%        3
 Petrify                  Tmut/Erth      0%         N/A       100%        4
 Metabolic Englaciation   Hex/Ice        0%         N/A       100%        5
 Statue Form              Tmut/Erth      0%         N/A       100%        6


Dungeon Overview and Level Annotations

Branches:
Dungeon (8/15)             Temple (1/1) D:6            Lair (1/5) D:8
 Bailey (visited)

Altars:
Ashenzari
Dithmenos
Elyvilon
Fedhas
Gozag
Hepliaklqana
Kikubaaqudgha
Makhleb
Nemelex Xobeh
Okawaru
Qazlal
Ru
Sif Muna
Trog
Uskayaw
Vehumet
Wu Jian
Xom
Yredelemnul
Zin
The Shining One

Shops:
D:8 :

Annotations:
D:4 3 runed translucent doors, Aibolit's ghost, amateur HOFi; HangedMan's ghost, amateur OpHW; Persimmon's ghost, amateur DECj
D:8 2 transporters


Message History

* * * LOW HITPOINT WARNING * * *
You feel extremely sick.
The bullfrog looks more healthy.
The cane toad barely misses you.
You slice the wolf!!
You kill the wolf!
Trog accepts your kill.
You hit the elephant.
You kill the elephant!
Trog accepts your kill.
You barely miss the cane toad.
You are engulfed in poison gas.
You are more poisoned.
* * * LOW HITPOINT WARNING * * *
x2 You feel extremely sick.
A bullfrog comes into view.
Your Axes skill increases to level 11!
Your Armour skill increases to level 8!
You closely miss the wolf.
The wolf is moderately wounded.
You slash the cane toad!
The cane toad looks as sick as possible!
You are engulfed in poison gas.
You are more poisoned.
* * * LOW HITPOINT WARNING * * *
x2 You feel extremely sick.
The wolf bites you but does no damage. The cane toad barely misses you.
You closely miss the wolf.
The wolf is moderately wounded.
You closely miss the cane toad.
You are engulfed in poison gas.
You are more poisoned.
* * * LOW HITPOINT WARNING * * *
You feel the effects of Trog's Hand fading.
* * * LOW HITPOINT WARNING * * *
You feel extremely sick.
The cane toad seems to regain its courage.
You block the wolf's attack.
You miss the wolf.
The wolf is moderately wounded.
You closely miss the cane toad. You hit the cane toad. x2
You are engulfed in poison gas.
You are more poisoned.
You die...

.P~♣ ##F..♣
☼○F○. ##.☼°#
##☼.§☼#
##F§.# #@hFF#
#FFh.#
....☼°h§††☼..
.!.##☼..F.§§.
#. #○§○.☼....
# .○☼☼.°.○..
#☼.☼☼.°○☼..
#.P......(


You could see 4 cane toads, 2 blink frogs, 3 wolves and 2 bullfrogs.

Vanquished Creatures
  A hydra (D:8)
  A two-headed ogre (D:8)
  An orc knight (D:8)
  8 elephants
  A hornet (D:7)
  2 blink frogs (D:8)
  Sigmund (D:5)
  2 steam dragons (D:7)
  A water moccasin (Lair:1)
  5 orc warriors
  2 sky beasts (D:7)
  An ice beast (D:6)
  5 wolves
  An ogre (D:5)
  6 kobold brigands
  3 bullfrogs
  Blork the orc (D:6)
  2 necrophages
  4 scorpions
  A gnoll sergeant (D:8)
  5 wights (D:7)
  A vampire bat (Lair:1)
  3 orc priests
  3 hounds
  4 jellies
  3 iguanas
  Natasha (thrice) (D:3)
  5 orc wizards
  8 gnolls
  8 adders
  2 white imps
  2 worms (D:2)
  4 dart slugs
  32 orcs
  14 endoplasms
  3 giant cockroaches (D:1)
  4 goblins
  7 hobgoblins
  3 jackals
  6 quokkas
  7 ball pythons
  17 bats
  4 frilled lizards
  28 kobolds
  5 rats
230 creatures vanquished.

Vanquished Creatures (others)
  A shadow imp (D:7)
  2 orcs (D:7)
  3 fungi
  11 plants
17 creatures vanquished.

Grand Total: 247 creatures vanquished

Notes
Turn   | Place    | Note
-------+----------+-------------------------------------------
     0 | D:1      | LabCoat the Hill Orc Fighter began the quest for the Orb.
     0 | D:1      | Reached XP level 1. HP: 19/19 MP: 1/1
    81 | D:1      | Reached XP level 2. HP: 24/27 MP: 2/2
   482 | D:1      | Reached XP level 3. HP: 33/33 MP: 3/3
   515 | D:1      | Found a faded altar of an unknown god.
  1092 | D:2      | Reached skill level 1 in Dodging
  1195 | D:2      | Reached XP level 4. HP: 40/41 MP: 4/4
  1197 | D:2      | Reached skill level 5 in Dodging
  1197 | D:2      | Reached XP level 5. HP: 55/56 MP: 5/5
  1394 | D:2      | Found a stormy altar of Qazlal.
  1997 | D:3      | Noticed Natasha
  2006 | D:3      | Killed Natasha
  2340 | D:3      | Noticed Natasha
  2349 | D:3      | Killed Natasha
  2350 | D:3      | Reached XP level 6. HP: 55/62 MP: 6/6
  2743 | D:3      | Noticed Natasha
  2756 | D:3      | Killed Natasha
  3153 | D:4      | Reached XP level 7. HP: 69/69 MP: 7/7
  3185 | D:4      | Found a runed translucent gate.
  3203 | D:4      | Found a runed translucent gate.
  3214 | D:4      | Found a runed translucent gate.
  3234 | D:4      | Noticed Aibolit's ghost (amateur HOFi)
  3235 | D:4      | Noticed HangedMan's ghost (amateur OpHW)
  3235 | D:4      | Noticed Persimmon's ghost (amateur DECj)
  3724 | D:5      | Entered Level 5 of the Dungeon
  3915 | D:5      | Noticed Sigmund
  3921 | D:5      | Killed Sigmund
  3922 | D:5      | Reached skill level 1 in Throwing
  4214 | D:5      | Reached skill level 1 in Evocations
  4214 | D:5      | Reached XP level 8. HP: 78/78 MP: 8/8
  4959 | D:6      | Found a white marble altar of Elyvilon.
  4962 | D:6      | Found an ornate altar of the Wu Jian Council.
  4962 | D:6      | Found a burning altar of Makhleb.
  4973 | D:6      | Found a shimmering altar of Xom.
  5008 | D:6      | Noticed Blork the orc
  5018 | D:6      | Killed Blork the orc
  5161 | D:6      | Found a staircase to the Ecumenical Temple.
  5170 | Temple   | Entered the Ecumenical Temple
  5176 | Temple   | Became a worshipper of Trog the Wrathful
  5780 | D:7      | Found a flagged portal.
  5801 | Bailey   | Entered a bailey
  6006 | Bailey   | Reached XP level 9. HP: 65/85 MP: 9/9
  6231 | Bailey   | Found a bloodstained altar of Trog.
  6236 | Bailey   | Reached * piety under Trog
  6237 | Bailey   | Reached skill level 10 in Fighting
  6935 | D:7      | Reached skill level 10 in Axes
  7098 | D:7      | Noticed a hornet
  7104 | D:7      | Paralysed by a hornet for 2 turns
  7106 | D:7      | Killed a hornet
  7107 | D:7      | Reached XP level 10. HP: 73/94 MP: 10/10
  7313 | D:7      | Found a glowing silver altar of Zin.
  7322 | D:7      | Found a glowing golden altar of the Shining One.
  7425 | D:7      | Found a stormy altar of Qazlal.
  7491 | D:8      | Found a staircase to the Lair.
  7686 | D:8      | Noticed an orc knight
  7695 | D:8      | Killed an orc knight
  7851 | D:8      | Noticed a seven-headed hydra
  7857 | D:8      | Killed a seven-headed hydra
  7927 | D:8      | Found a transporter.
  7933 | D:8      | Found a transporter.
  8026 | D:8      | Found Kygowet's Book Boutique.
  8057 | D:8      | Reached ** piety under Trog
  8058 | D:8      | Noticed a two-headed ogre
  8065 | D:8      | Killed a two-headed ogre
  8626 | Lair:1   | Entered Level 1 of the Lair of Beasts
  8633 | Lair:1   | Noticed an elephant
  8634 | Lair:1   | Noticed an elephant
  8636 | Lair:1   | Noticed an elephant
  8636 | Lair:1   | Noticed an elephant
  8637 | Lair:1   | Noticed an elephant
  8638 | Lair:1   | Noticed an elephant
  8652 | D:8      | Killed an elephant
  8793 | Lair:1   | Noticed an elephant
  8793 | Lair:1   | Noticed an elephant
  8793 | Lair:1   | Noticed a cane toad
  8793 | Lair:1   | Noticed a cane toad
  8805 | D:8      | Killed an elephant
  8822 | D:8      | Killed an elephant
  8823 | D:8      | Reached XP level 11. HP: 68/102 MP: 11/11
  9008 | Lair:1   | Noticed a five-headed hydra
  9024 | Lair:1   | HP: 3/156 [poisoned by you (poison gas)]
  9025 | Lair:1   | Succumbed to their own poison gas

Illustrated notes

Levels and vault maps discovered:
D:1:      lightli_arrival_windingriver, layout_rooms,
          shapermc_ecumenical_altar_acropolis
D:2:      layout_basic, basic_altar, minmay_bisected
D:3:      layout_basic, uniq_natasha
D:4:      layout_cave_pools, gammafunk_ghost_cemetery, nicolae_zen_rock_garden,
          chequers_serial_rivers_marsh, minmay_quantized
D:5:      layout_loops_ring, uniq_sigmund
D:6:      cheibrodos_quashed, layout_basic, grunt_temple_overflow_open,
          minmay_temple_entry_antechambers, minivault_1, uniq_blork_the_orc
D:7:      layout_cave_pools, nicolae_qazlal_eye_of_the_storm,
          mainiacjoe_overflow_swirl, enter_bailey_1
D:8:      gammafunk_steamed_eel, layout_loops_ring, lair_entry_dummy,
          serial_shops, nicolae_stop_n_shop_1, minmay_three_doors
Temple:   compressed_dpeg_circular_temple
Lair:1:   layout_cave_shapes, roderic_batcave, nicolae_lair_grazing_beasts
          [nicolae_sub_lair_graze_edge, nicolae_sub_lair_graze_edge,
          nicolae_sub_lair_graze_edge, nicolae_sub_lair_graze_edge]

Skill      XL: |  1  2  3  4  5  6  7  8  9 10 11 |
---------------+----------------------------------+-----
Axes           | 3 9 10 11 | 11.0
Fighting       | 4 8 9 10 11 | 11.9
Dodging        | 1 5 6 7 |  7.9
Armour         | 6 7 8 |  8.0
Throwing       | 1 2 3 4 |  4.1
Evocations     | 1 2 3 4 |  4.4
Shields        | |  3.2

Action                   |  1- 3 |  4- 6 |  7- 9 | 10-12 || total
-------------------------+-------+-------+-------+-------++-------
Melee: War axe           |   104 |   120 |   206 |   136 ||   566
       Flail             |       |       |       |     4 ||     4
Throw: Dart              |       |    21 |    49 |       ||    70
       Boomerang         |       |     4 |     9 |     8 ||    21
Invok: Trog's Hand       |       |       |       |     3 ||     3
       Berserk           |       |       |       |     2 ||     2
Evoke: Wand              |       |       |     3 |     2 ||     5
       Tin of tremorston |       |       |       |     1 ||     1
  Use: Scroll            |     4 |     8 |     7 |     3 ||    22
       Potion            |       |     2 |     2 |       ||     4
Armor: Scale mail        |    63 |    49 |    12 |       ||   124
       Chain mail        |       |       |    77 |       ||    77
       Plate armour      |       |       |    43 |   156 ||   199
Dodge: Dodged            |    50 |    48 |    85 |    87 ||   270
Block: Buckler           |    19 |    25 |    32 |    45 ||   121
